 Dungeon Crawl Stone Soup version 0.30.0 (webtiles) character file.

Game seed: 7392515144698231687

103 Brutalitops the Gusty (level 4, -2/18 HPs)
             Began as a Felid Air Elementalist on May 6, 2023.
             Was a Believer of Zin.
             Killed from afar by an orc wizard (11 damage)
             ... with a magic dart
             ... on level 3 of the Dungeon.
             The game lasted 00:21:45 (4070 turns).

Brutalitops the Gusty (Felid Air Elementalist)      Turns: 4070, Time: 00:21:46

Health: -2/18      AC:  1    Str:  7    XL:     4   Next: 51%
Magic:  5/9        EV: 17    Int: 22    God:    Zin [**....]
Gold:   134        SH:  0    Dex: 16    Spells: 6/9 levels left
                                        Lives:  0   Deaths: 1

rFire   + . .        (weapon unavailable)
rCold   . . .        (shield unavailable)
rNeg    . . .        (body armour unavailable)
rPois   .            (helmet unavailable)
rElec   .            (cloak unavailable)
rCorr   .            (gloves unavailable)
SInv    +            (boots unavailable)
Will    .....        (no amulet)
Stlth   ++           b - ring "Ocer Yxt" {rF+ Str+3 Int+4 Stlth+}
HPRegen 0.23/turn    (no ring)
MPRegen 0.11/turn

%: no passive effects
@: confused, quick
A: very small, claws 1, fangs 3, see invisible, speed 1, shaggy fur 1, stealthy
paws, no weapons or thrown items, no armour, multi-lived
a: Renounce Religion, Recite, Vitalisation, Donate Gold


You were on level 3 of the Dungeon.
You worshipped Zin.
Zin was pleased with you.
You visited 1 branch of the dungeon, and saw 4 of its levels.

You collected 148 gold pieces.
You donated 14 gold pieces to Zin.

Inventory:

Jewellery
 b - the ring "Ocer Yxt" (left paw) {rF+ Str+3 Int+4 Stlth+}
   (You acquired it on level 2 of the Dungeon)

   [ring of protection from fire]

   Str:       It affects your strength (+3).
   Int:       It affects your intelligence (+4).
   rF:        It protects you from fire.
   Stlth:     It makes you more stealthy.
Scrolls
 i - 3 scrolls of poison
Potions
 a - 3 potions of magic
 d - 2 potions of might


   Skills:
 + Level 2.8 Dodging
 + Level 3.2 Stealth
 + Level 3.3 Spellcasting
 + Level 1.6 Conjurations
 + Level 4.0 Air Magic


You had 6 spell levels left.
You knew the following spells:

 Your Spells              Type           Power      Damage    Failure   Level
a - Shock                 Conj/Air       64%        1d7       3%          1
b - Static Discharge      Conj/Air       32%        2-4/arc   5%          2

Your spell library contained the following spells:

 Spells                   Type           Power      Damage    Failure   Level
 Swiftness                Air            21%        N/A       7%          3
 Airstrike                Air            10%        2d(2-18)  22%         4


Dungeon Overview and Level Annotations

Branches:
Dungeon (4/15)
 Temple: D:4-7

Altars:
Zin


Innate Abilities, Weirdness & Mutations

You have sharp claws.
You have razor-sharp teeth.
You have supernaturally acute eyesight. (SInv)
You cover ground quickly. (Speed+)
You are covered in fur. (AC +1)
Your paws help you pounce on unaware monsters.
You are incapable of wielding weapons or throwing items.
You cannot wear armour.
You gain extra lives every three experience levels.


Message History

Confirm with . or Enter, or press ? or * to list all spells.
Aiming: Shock (safe; 3% risk of failure)
Press: ? - help, Shift-Dir - straight line, f/p - orc wizard
Aim: an orc wizard, wielding a +0 dagger and wearing a +0 robe (64% to hit)
The zap hits the orc wizard.
The orc wizard is moderately wounded.
Casting: Shock (safe; 3% risk of failure)
Confirm with . or Enter, or press ? or * to list all spells.
Aiming: Shock (safe; 3% risk of failure)
Press: ? - help, Shift-Dir - straight line, f/p - orc wizard
Aim: an orc wizard, wielding a +0 dagger and wearing a +0 robe (moderately wounded, 64% to hit)
The zap misses the orc wizard.
Casting: Shock (safe; 3% risk of failure)
Confirm with . or Enter, or press ? or * to list all spells.
Aiming: Shock (safe; 3% risk of failure)
Press: ? - help, Shift-Dir - straight line, f/p - orc wizard
Aim: an orc wizard, wielding a +0 dagger and wearing a +0 robe (moderately wounded, 64% to hit)
The zap misses the orc wizard.
Casting: Shock (safe; 3% risk of failure)
Confirm with . or Enter, or press ? or * to list all spells.
Aiming: Shock (safe; 3% risk of failure)
Press: ? - help, Shift-Dir - straight line, f/p - orc wizard
Aim: an orc wizard, wielding a +0 dagger and wearing a +0 robe (moderately wounded, 64% to hit)
The zap hits the orc wizard.
The orc wizard is heavily wounded.
The orc wizard casts a spell.
The orc wizard flickers and vanishes for a moment.
There is an open door here.
The orc wizard gestures at you while chanting.
You are confused.
The orc wizard gestures at you while chanting.
The magic dart hits you!
Ouch! That really hurt!
Okay, then.
An orc wizard is nearby!
An orc wizard is nearby!
The orc wizard points at you and mumbles some strange words.
The magic dart hits you!
Ouch! That really hurt!
You die...

###.# #.## ..#.# #####... ..#.#
########## #####....... ..#.#
#........# #......##### ..#.#
#........# #.###..# #. ..#.#
#........# #.##...####. #.#.#
#........#######...........
..#.###........+.#....###.#.####.
......#........#@#........#...##.
#........'#..o......#.#.#.###.##.
...#.#.#..#.####..............##.
#............# #..#........#####.
...#.#.#..#..# #.....>.........#.
.#........#..# #.######...####.#.
##.#.#.#..#..# #.......<.....#.#.
..........#..####.....>.######.#.
.##.#.#.#.#.......#.#..........##


You could see an orc wizard (invisible).

Vanquished Creatures
  A jelly (D:4)
  5 adders
  3 worms
  An orc (D:2)
  6 bats (D:2)
  7 endoplasms
  4 giant cockroaches
  6 goblins
  2 hobgoblins
  6 jackals
  A quokka (D:3)
  6 ball pythons
  4 frilled lizards
  8 kobolds
  9 rats
69 creatures vanquished.

Notes
Turn   | Place    | Note
-------+----------+-------------------------------------------
     0 | D:1      | Brutalitops the Felid Air Elementalist began the quest for
                  | the Orb.
     0 | D:1      | Reached XP level 1. HP: 7/7 MP: 4/4
   381 | D:1      | Reached skill level 3 in Air Magic
   472 | D:1      | Reached XP level 2. HP: 11/11 MP: 3/6
   561 | D:1      | Reached skill level 1 in Conjurations
   671 | D:1      | Found Emoen's Antique Weapon Boutique.
  1150 | D:2      | Reached XP level 3. HP: 11/14 MP: 0/7
  1153 | D:2      | Learned a level 2 spell: Static Discharge
  2163 | D:2      | Identified a scroll of acquirement
  2166 | D:2      | Acquired the ring "Ocer Yxt" {rF+ Str+3 Int+4 Stlth+}
  2576 | D:2      | Reached XP level 4. HP: 17/18 MP: 2/9
  3331 | D:3      | Killed from afar by an orc wizard
  3332 | D:3      | Reached XP level 3. HP: -2/14 MP: 3/8
  3337 | D:3      | Reached skill level 4 in Air Magic
  3507 | D:3      | Found a faded altar of an unknown god.
  3511 | D:3      | Prayed at the altar of an unknown god.
  3511 | D:3      | Became a worshipper of Zin the Law-Giver
  3511 | D:3      | Reached * piety under Zin
  3511 | D:3      | Reached ** piety under Zin
  3749 | D:4      | Noticed a phantom
  3759 | D:4      | Noticed a kobold brigand
  3923 | D:4      | Reached XP level 4. HP: 18/18 MP: 2/9
  4070 | D:3      | Killed from afar by an orc wizard

Illustrated notes

Levels and vault maps discovered:
D:1:      minmay_arrival_split_and_join, layout_basic, serial_shops, shop
D:2:      minmay_chambers_of_twos, layout_basic
D:3:      layout_basic, serial_glass, glass_columns_b, glass_columns_a,
          basic_ecumenical_altar
D:4:      layout_cave_pods, kennysheep_little_box, grunt_ministairs_10

Skill      XL: |  1  2  3 |
---------------+----------+-----
Air Magic      | 3 4 |  4.0
Conjurations   | 1 |  1.6
Stealth        | 3 |  3.2
Spellcasting   | 3 |  3.3
Dodging        | |  2.8

Action                     |  1- 3 |  4- 6 || total
---------------------------+-------+-------++-------
  Melee: Unarmed           |     9 |     2 ||    11
         Bite              |     2 |       ||     2
   Cast: Shock             |   173 |    37 ||   210
         Static Discharge  |     3 |     1 ||     4
    Use: Scroll            |    13 |     1 ||    14
         Potion            |     4 |       ||     4
   Stab: Sleeping          |     1 |       ||     1
 Armour: Skin              |     2 |       ||     2
  Dodge: Dodged            |    34 |     5 ||    39
